 Dungeon Crawl Stone Soup version 0.30-a0-793-g160f7cfddd (webtiles) character file.

Game seed: 10814390321368529590

880 cheesebisquit the Chiller (level 8, -10/57 (60) HPs)
             Began as a Merfolk Ice Elementalist on Feb 19, 2023.
             Mangled by a wight
             ... wielding a +4 scimitar
              (12 damage)
             ... in an ossuary.
             The game lasted 00:31:05 (6695 turns).

cheesebisquit the Chiller (MfIE)                    Turns: 6695, Time: 00:31:05

HP:   -10/57 (60)   AC:  8    Str:  8    XL:     8   Next: 5%
MP:   0/14          EV: 14    Int: 17    God:
Gold: 384           SH:  0    Dex: 14    Spells: 4/15 levels left

rFire   . . .      SeeInvis .    k - +0 spear
rCold   . . .      Faith    .    (no shield)
rNeg    . . .      Spirit   +    a - +0 robe
rPois   .          Reflect  .    (no helmet)
rElec   .          Harm     .    (no cloak)
rCorr   +          Rampage  .    (no gloves)
Will    .....                    (no boots)
Stlth   ++                       d - amulet of guardian spirit
HPRegen 0.29/turn                n - ring of resist corrosion
MPRegen 0.14/turn                (no ring)

@: ice-armoured, drained
A: (nimble swimmer 2), mertail
a: no special abilities


You were in an ossuary.
You visited 1 branch of the dungeon, and saw 5 of its levels.
You also visited: Ossuary.

You collected 384 gold pieces.

Inventory:

Hand Weapons
 k - a +0 spear (weapon)
Missiles
 h - 8 poisoned darts
 l - 8 curare-tipped darts
Armour
 a - a +0 robe (worn)
 m - the +1 ring mail "Enebaash" {+Blink rCorr}
   (You found it on level 2 of the Dungeon)

   +Blink:    It lets you blink.
   rCorr:     It protects you from acid and corrosion.
Jewellery
 d - an amulet of guardian spirit (around neck)
 n - a ring of resist corrosion (left hand)
Scrolls
 i - a scroll of poison
 o - a scroll of brand weapon
 r - a scroll of torment {unknown}
 s - a scroll of teleportation
 u - 2 scrolls of enchant armour
Potions
 g - 3 potions of flight
 p - a potion of haste {unknown}
 q - a potion of attraction {unknown}
 t - a potion of resistance {unknown}


   Skills:
 + Level 4.1 Fighting
 + Level 4.6 Polearms
 + Level 5.8 Dodging
 - Level 2.1 Stealth
 + Level 4.0 Spellcasting
 + Level 6.2 Ice Magic


You had 4 spell levels left.
You knew the following spells:

 Your Spells              Type           Power      Damage    Failure   Level
a - Freeze                Ice            96%        1d10      1%          1
c - Summon Ice Beast      Ice/Summ       14%        N/A       41%         4
x - Ozocubu's Armour      Ice            24%        N/A       3%          3
z - Frozen Ramparts       Ice            48%        1d8       3%          3

Your spell library contained the following spells:

 Spells                   Type           Power      Damage    Failure   Level
 Foxfire                  Conj/Fire      12%        2x1d4     16%         1
 Magic Dart               Conj           12%        1d3       16%         1
 Call Imp                 Summ           3%         N/A       24%         2
 Mephitic Cloud           Conj/Pois/Air  3%         N/A       43%         3
 Fireball                 Conj/Fire      1%         3d3       99%         5
 Iskenderun's Battlesphe  Conj           3%         2d6       99%         5
 Summon Mana Viper        Hex/Summ       3%         N/A       99%         5
 Iron Shot                Conj/Erth      1%         9d1       100%        6
 Starburst                Conj/Fire      1%         6d3       100%        6
 Monstrous Menagerie      Summ           1%         N/A       100%        7
 Spellforged Servitor     Conj/Summ      1%         N/A       100%        7


Dungeon Overview and Level Annotations

Branches:
Dungeon (5/15)             Temple (0/1) D:5         Ossuary (1/1)

Altars:
Makhleb
Ru
Uskayaw

Shops:
D:5 (

Annotations:
D:3 tarna41's ghost, amateur MiBe
D:5 Sigmund


Innate Abilities, Weirdness & Mutations

((You are very nimble when in or above water. (Stealth+, EV+, Speed+++)))
Your lower body shifts to a powerful aquatic tail in water.


Message History

The wight is almost destroyed.
The wight completely resists.
The wall freezes the wight but does no damage.
The wight completely misses you.
You completely miss the wight.
The wight is almost destroyed.
You closely miss the wight.
The wight is almost destroyed.
The wall freezes the wight but does no damage.
The wight barely misses you.
You hit the wight but do no damage. You punch the wight.
The wight is almost destroyed.
The wight completely resists.
The wall freezes the wight but does no damage.
The wight barely misses you.
You barely miss the wight.
The wight is almost destroyed.
The wall freezes the wight but does no damage.
The wight hits you with a +4 scimitar.
* * * LOW HITPOINT WARNING * * *
You aren't carrying any items that you can evoke.
Throw: 9 darts (curare)
Press: ? - help, Shift-Dir - straight line, f - wight
Aim: a wight, wielding a +4 scimitar and wearing a +0 robe (almost destroyed, 60% to hit)
You throw a curare-tipped dart. The curare-tipped dart hits the wight.
The wight is almost destroyed.
The wight completely resists.
The wall freezes the wight but does no damage.
The wight misses you.
Aiming: Freeze (safe; 1% risk of failure)
Press: ? - help, Q - select action, (/) - cycle Shift-Dir - straight line, f/p - wight
Aim: a wight, wielding a +4 scimitar and wearing a +0 robe (almost destroyed)
Okay, then.
Press: ? - help, v - describe, . - travel
Here: a wight, wielding a +4 scimitar and wearing a +0 robe (almost destroyed)
The floor.
You hit the wight but do no damage.
The wight is almost destroyed.
The frozen ramparts melt away.
The wight hits you with a +4 scimitar!
You die...

....## ##......# .....##
##.......# ......###
###........#
...8....#####....8.....#
..8#8.....'.....8#8....#
...8......'......8.....#
..........'...........##
.........###.........##
#........# #....@z..##
########## ##########


You could see a wight.

Vanquished Creatures
  A water moccasin (D:4)
  3 scorpions
  2 water moccasin zombies (Ossuary)
  A howler monkey (D:4)
  4 centaur zombies (Ossuary)
  A hound (D:5)
  A human zombie (Ossuary)
  An orc wizard (D:5)
  2 scorpion zombies (Ossuary)
  An ogre zombie (Ossuary)
  A mummy (D:5)
  A gnoll (D:5)
  4 adders
  A river rat (D:4)
  A shadow imp (D:4)
  An ufetubus (D:4)
  3 adder zombies (Ossuary)
  2 worms
  A dart slug (D:5)
  An orc (D:5)
  6 bats
  4 endoplasms
  6 giant cockroaches
  5 hobgoblins
  5 jackals
  7 kobolds
  4 quokkas
  10 ball pythons
  6 frilled lizards
  A gnoll zombie (Ossuary)
  4 goblins
  5 goblin zombies (Ossuary)
  6 hobgoblin zombies (Ossuary)
  2 orc zombies (Ossuary)
  6 rats
110 creatures vanquished.

Notes
Turn   | Place    | Note
-------+----------+-------------------------------------------
     0 | D:1      | cheesebisquit the Merfolk Ice Elementalist began the quest
                  | for the Orb.
     0 | D:1      | Reached XP level 1. HP: 13/13 MP: 3/3
   119 | D:1      | Reached XP level 2. HP: 11/20 MP: 0/5
   386 | D:1      | Reached skill level 1 in Fighting
   746 | D:1      | Reached XP level 3. HP: 26/26 MP: 6/6
  1089 | D:2      | Learned a level 3 spell: Ozocubu's Armour
  1261 | D:2      | Identified the +1 ring mail "Enebaash" {+Blink rCorr}
  1417 | D:2      | Reached skill level 1 in Polearms
  1521 | D:2      | Reached XP level 4. HP: 32/32 MP: 1/7
  2260 | D:3      | Found a runed translucent door.
  2261 | D:3      | Noticed tarna41's ghost (amateur MiBe)
  2993 | D:4      | Noticed a scorpion
  3007 | D:4      | Killed a scorpion
  3008 | D:4      | Reached skill level 5 in Ice Magic
  3008 | D:4      | Reached XP level 5. HP: 38/38 MP: 1/9
  3103 | D:4      | Found a hide-covered altar of Uskayaw.
  3231 | D:4      | Found a sacrificial altar of Ru.
  3243 | D:4      | Reached XP level 6. HP: 43/46 MP: 4/10
  3356 | D:4      | Found a burning altar of Makhleb.
  3890 | D:4      | Noticed a water moccasin
  3912 | D:4      | Killed a water moccasin
  4016 | D:4      | Learned a level 3 spell: Frozen Ramparts
  4021 | D:4      | Learned a level 4 spell: Summon Ice Beast
  4332 | D:5      | Entered Level 5 of the Dungeon
  4332 | D:5      | Found Uxyshaer's Antique Weapon Shop.
  4371 | D:5      | Noticed Sigmund
  4456 | D:5      | Noticed an ice beast
  4498 | D:5      | Reached XP level 7. HP: 45/52 MP: 4/12
  4543 | D:5      | Reached skill level 5 in Dodging
  4638 | D:5      | Found a sand-covered staircase.
  4659 | Ossuary  | Entered an ossuary
  5436 | Ossuary  | Reached skill level 6 in Ice Magic
  5997 | Ossuary  | Reached XP level 8. HP: 57/60 MP: 7/14
  6693 | Ossuary  | HP: 1/57 [wight/+4 scimitar (4)]
  6695 | Ossuary  | Mangled by a wight

Illustrated notes

Levels and vault maps discovered:
D:1:      spicycebolla_green_bress_n_ham, layout_loops_ring
D:2:      layout_basic, serial_corexii_hall, chequers_hall_statues_y,
          chequers_hall_statues_wall_a
D:3:      layout_loops_ring, hellmonk_ghost_happy_afterlife
D:4:      layout_cave_pods, amcnicky_altar_gilded,
          mainiacjoe_overflow_cross_hatched, nicolae_ru_awakened_eye,
          portal_sewer_entry_e
D:5:      minmay_polygon_palace, layout_loops_cross, temple_statues,
          serial_shops, nicolae_shop_stone, shop_statue,
          gup_ossuary_entry_pyramid, corexii_hall_statues_x, uniq_sigmund,
          uniq_prince_ribbit1
Ossuary:  ossuary_hellmonk_silent_tomb

Skill      XL: |  1  2  3  4  5  6  7 |
---------------+----------------------+-----
Dodging        | 3 4 5 |  5.8
Fighting       | 1 2 3 4 |  4.1
Polearms       | 1 2 3 4 |  4.6
Ice Magic      | 5 6 |  6.2
Spellcasting   | 3 4 |  4.0
Stealth        | |  2.1

Action                     |  1- 3 |  4- 6 |  7- 9 || total
---------------------------+-------+-------+-------++-------
  Melee: Unarmed           |    27 |       |       ||    27
         Spear             |    35 |    51 |   332 ||   418
         Club              |     1 |       |       ||     1
         Punch             |       |       |     5 ||     5
  Throw: Dart              |       |       |     1 ||     1
   Cast: Freeze            |    52 |    93 |    13 ||   158
         Ozocubu's Armour  |       |     2 |    16 ||    18
         Frozen Ramparts   |       |       |    23 ||    23
    Use: Scroll            |       |     7 |     2 ||     9
         Potion            |       |     1 |     4 ||     5
   Stab: Sleeping          |     6 |     9 |       ||    15
 Armour: Robe              |    19 |    14 |   159 ||   192
  Dodge: Dodged            |    78 |    50 |   364 ||   492

Table legend: (Time is in decaauts)
 A = Elapsed time spent in this place.
 B = Non-inter-level travel time spent in this place.
 C = Inter-level travel time spent in this place.
 D = Time resting spent in this place.
 E = Time spent auto-exploring this place.
 F = Levels seen in this place.
 G = Mean time per level.
                   A        B        C        D        E       F      G
               +--------+--------+--------+--------+--------+-----+--------+
         Total |   6659 |   6426 |    233 |   1398 |   3713 |   6 | 1109.8 |
       Dungeon |   4656 |   4423 |    233 |    208 |   3401 |   5 |  931.2 |
       Ossuary |   2003 |   2003 |      0 |   1190 |    312 |   1 | 2003.0 |
               +--------+--------+--------+--------+--------+-----+--------+

Top non-repeatable levels by time:
 Ossuary: 2003 daAuts
     D:4: 1435 daAuts
     D:2: 1279 daAuts
     D:1: 966 daAuts
     D:3: 650 daAuts
     D:5: 324 daAuts
